 Dungeon Crawl Stone Soup version 0.25-a0-110-ge29c8f2358 (webtiles) character file.

Game seed: 9432559214993516896, levelgen mode: deterministic

36 Gargoyl the Skirmisher (level 3, 31/31 HPs)
             Began as a Centaur Abyssal Knight on Nov 19, 2019.
             Was a Follower of Lugonu.
             Quit the game on level 1 of the Dungeon.
             The game lasted 00:01:17 (1057 turns).

Gargoyl the Skirmisher (Centaur Abyssal Knight)     Turns: 1057, Time: 00:01:18

Health: 31/31      AC:  5    Str: 14    XL:     3   Next: 19%
Magic:  4/4        EV:  8    Int: 11    God:    Lugonu [*.....]
Gold:   30         SH:  0    Dex:  5    Spells: 2/2 levels left

rFire    . . .     SeeInvis .   a - +1 hand axe
rCold    . . .     Gourm    .   (no shield)
rNeg     . . .     Faith    .   f - +0 ring mail
rPois    .         Spirit   .   (no helmet)
rElec    .         Reflect  .   (no cloak)
rCorr    .         Harm     .   (no gloves)
MR       .....                  (no barding)
Stlth    ..........             (no amulet)
HPRegen  0.10/turn              (no ring)
MPRegen  0.09/turn              (no ring)

@: very quick
A: large, hooves 3, [clumsy 2], deformed body, speed 2, tough skin 3
a: Depart the Abyss, Renounce Religion


You were on level 1 of the Dungeon.
You worshipped Lugonu.
Lugonu was aware of your devotion.
You were not hungry.

You visited 1 branch of the dungeon, and saw 1 of its levels.
You visited the Abyss 1 time.

You collected 30 gold pieces.

Inventory:

Hand Weapons
 a - a +1 hand axe (weapon)
Armour
 b - a +0 leather armour
 f - a +0 ring mail (worn)
Wands
 d - a wand of iceblast (8)
Scrolls
 h - a scroll of teleportation {unknown}
 i - a scroll of remove curse {unknown}
Potions
 e - a potion of curing {unknown}
Comestibles
 c - 2 rations
 g - 2 chunks of flesh


   Skills:
 + Level 3.4 Fighting
 + Level 2.0 Axes
 * Level 1.9 Armour
 * Level 1.0 Dodging
 * Level 2.3 Invocations


You had 2 spell levels left.
You didn't know any spells.
Your spell library was empty.

Dungeon Overview and Level Annotations

Branches:
Dungeon (1/15)

Altars:


Innate Abilities, Weirdness & Mutations

You have hooves in place of feet.
Armour fits poorly on your strangely shaped body.
You cover ground very quickly.
You have extremely tough skin. (AC +3)
[You are very clumsy. (Dex -4)]


Message History

The goblin hits you but does no damage.
You slash the goblin!
You kill the goblin!
Lugonu accepts your kill.
You hit the hobgoblin.
The hobgoblin is moderately wounded.
The hobgoblin closely misses you.
You barely miss the hobgoblin. Your kick misses the hobgoblin.
The hobgoblin is moderately wounded.
The hobgoblin closely misses you.
You barely miss the hobgoblin.
The hobgoblin is moderately wounded.
The hobgoblin barely misses you.
Your ring mail prevents you from hitting the hobgoblin.
Your kick misses the hobgoblin.
The hobgoblin is moderately wounded.
The hobgoblin barely misses you.
Okay, then.
Unknown command.
Are you sure you want to abandon this character and quit the game? (Confirm with "yes".)

### # #.. #.#.#
## .#.## . ...
#.. #g# ## #.#
#@# ... #.# #.#
..##.. #.#####
...... #.....#
...#... #####.#
...#..# ####.####
#.##...
#.......###.#####
#.##.##.#........
#.##.##......####


You could see a hobgoblin.

Vanquished Creatures
  A gnoll (D:1)
  A worm (D:1)
  2 dart slugs (D:1)
  A leopard gecko (D:1)
  2 bats (D:1)
  2 giant cockroaches (D:1)
  2 goblins (D:1)
  2 hobgoblins (D:1)
  2 ball pythons (D:1)
  A frilled lizard (D:1)
  A kobold (D:1)
  2 rats (D:1)
19 creatures vanquished.

Notes
Turn   | Place    | Note
-------+----------+-------------------------------------------
     0 | Abyss:1  | Gargoyl the Centaur Abyssal Knight began the quest for the
                  | Orb.
     0 | Abyss:1  | Reached XP level 1. HP: 19/19 MP: 2/2
    47 | Abyss:2  | Noticed an iron imp
    50 | Abyss:2  | Noticed an angel
    55 | Abyss:2  | Noticed a wretched star
    57 | Abyss:2  | Noticed an ancient zyme
    59 | D:1      | Escaped the Abyss
   543 | D:1      | Reached XP level 2. HP: 20/26 MP: 3/3
   636 | D:1      | Reached * piety under Lugonu
   636 | D:1      | Reached skill level 1 in Dodging
   894 | D:1      | Reached XP level 3. HP: 23/31 MP: 4/4
  1057 | D:1      | Quit the game

Levels and vault maps discovered:
D:1:      evilmike_arrival_run_for_it, layout_loops_cross

Skill      XL: |  1  2 |
---------------+-------+-----
Dodging        | 1 |  1.0
Axes           | 2 |  2.0
Fighting       | |  3.4
Armour         | |  1.9
Invocations    | |  2.3

Action                   || total
-------------------------++-------
Melee: Hand axe          ||    64
       Kick              ||     9
Invok: Depart the Abyss  ||     1
Armor: Ring mail         ||    27
       Leather armour    ||     2
Dodge: Dodged            ||    36

Table legend:
 A = Non-vault XP
 B = Vault XP
 C = Vault XP percentage of total XP
 D = Non-vault monster count
 E = Vault monster count
 F = Vault count percentage of total count
                 A         B        C        D         E       F
            +---------+---------+-------+---------+---------+-------
      Total |      47 |       5 |   9.6 |      18 |       1 |   5.3
            +---------+---------+-------+---------+---------+-------
        D:1 |      47 |       5 |   9.6 |      18 |       1 |   5.3
            +---------+---------+-------+---------+---------+-------
